 Dungeon Crawl Stone Soup version 0.27.1 (webtiles) character file.

Game seed: 9367661041228461138

65 MajorAdolf the Magician (level 4, 0/36 HPs)
             Began as a Naga Wanderer on Aug 27, 2021.
             Succumbed to an adder's poison
             ... on level 3 of the Dungeon.
             The game lasted 00:02:23 (3037 turns).

MajorAdolf the Magician (Naga Wanderer)             Turns: 3037, Time: 00:02:24

Health: 0/36       AC:  2    Str: 15    XL:     4   Next: 14%
Magic:  6/10       EV:  9    Int: 10    God:
Gold:   115        SH:  0    Dex: 13    Spells: 10/11 levels left

rFire    . . .     SeeInvis +   f - +0 dagger (venom)
rCold    . . .     Faith    .   (no shield)
rNeg     . . .     Spirit   .   b - +0 robe
rPois    +         Reflect  .   (no helmet)
rElec    .         Harm     .   (no cloak)
rCorr    +         Rampage  .   (no gloves)
Will     .....                  (no barding)
Stlth    ++........             (no amulet)
HPRegen  0.12/turn              g - ring of resist corrosion
MPRegen  0.12/turn              (no ring)

@: lethally poisoned (0 -> -3), very slow
A: AC +1, large, see invisible, deformed body, poison resistance, slowness 2,
spit poison 1, naga tail 1
a: Spit Poison


You were on level 3 of the Dungeon.
You visited 1 branch of the dungeon, and saw 3 of its levels.

You collected 115 gold pieces.

Inventory:

Hand Weapons
 f - a +0 dagger of venom (weapon)
Armour
 b - a +0 robe (worn)
Jewellery
 g - a ring of resist corrosion (left hand)
Scrolls
 a - a scroll of holy word {unknown}
 d - a scroll of amnesia {unknown}
 e - 6 scrolls of identify {unknown}
Potions
 c - 2 potions of lignification


   Skills:
 - Level 1.0 Throwing
 + Level 2.7 Stealth
 - Level 4.0 Spellcasting
 + Level 3.3 Conjurations
 - Level 2.0 Translocations
 - Level 1.0 Transmutations
 - Level 1.0 Earth Magic


You had 10 spell levels left.
You knew the following spells:

 Your Spells              Type           Power      Damage    Failure   Level
a - Magic Dart            Conj           32%        1d4       7%          1

Your spell library contained the following spells:

 Spells                   Type           Power      Damage    Failure   Level
 Blink                    Tloc           N/A        N/A       17%         2
 Call Imp                 Summ           2%         N/A       36%         2
 Slow                     Hex            2%         N/A       36%         2
 Conjure Flame            Conj/Fire      5%         6-21      36%         3
 Mephitic Cloud           Conj/Pois/Air  4%         N/A       43%         3


Dungeon Overview and Level Annotations

Branches:
Dungeon (3/15)

Altars:
Ashenzari


Innate Abilities, Weirdness & Mutations

Your serpentine skin is tough. (AC +1)
You have supernaturally acute eyesight. (SInv)
Armour fits poorly on your strangely shaped body.
Your system is resistant to poisons. (rPois)
You cover ground very slowly.
You can spit poison.
You have a snake-like lower body.


Message History

The adder is lightly wounded.
The adder bites you.
You are poisoned.
The adder poisons you!
The magic dart hits the adder.
The adder is lightly wounded.
You feel sick. The adder bites you.
You are more poisoned.
The adder poisons you!
The magic dart hits the adder.
The adder is heavily wounded.
You feel sick. The adder bites you. x2
You are too injured to fight recklessly!
Press: ? - help, Shift-Dir - straight line, f/p - adder
Aim: an adder (heavily wounded)
The splash of poison misses the adder.
The splash of poison misses the hobgoblin.
You feel sick. The adder bites you.
* * * LOW HITPOINT WARNING * * *
Unknown command.
You hit the adder but do no damage.
The adder is heavily wounded.
You feel sick. The adder barely misses you.
You miss the adder.
The adder is heavily wounded.
You feel sick. The adder bites you.
* * * LOW HITPOINT WARNING * * *
Unknown command.
You barely miss the adder.
The adder is heavily wounded.
You have got your breath back.
* * * LOW HITPOINT WARNING * * *
You feel sick. The adder bites you.
* * * LOW HITPOINT WARNING * * *
The adder barely misses you.
Unknown command.
Okay, then.
You hit the adder.
The adder is poisoned.
The adder is severely wounded.
You die...

.....###. .... .........##...
.... ............. .... .
............####### ...# ....
#............ ..###...# ...h
.##..........#####........ .....
............##.@Sg....# ...... #
#...#>.<......##.../##+#h..... .
#...#.........###.###.........
..+...##........#.._..#.........
..+#..(...#.......#.#...........
................................
.....###.#...........#####......
.....###.#...........######.....
.......#........................


You could see an adder (very poisoned) and a hobgoblin.

Vanquished Creatures
  2 adders
  2 worms
  A dart slug (D:1)
  5 endoplasms
  A giant cockroach (D:1)
  4 goblins
  A hobgoblin (D:1)
  4 jackals (D:3)
  A quokka (D:2)
  4 ball pythons
  5 bats
  5 frilled lizards
  2 kobolds (D:1)
  A rat (D:1)
38 creatures vanquished.

Notes
Turn   | Place    | Note
-------+----------+-------------------------------------------
     0 | D:1      | MajorAdolf the Naga Wanderer began the quest for the Orb.
     0 | D:1      | MajorAdolf set off with the following items: a +0 club, a
                  | +0 robe, 2 potions of lignification; and the following
                  | spell memorised: Magic Dart; and the following spells
                  | available to memorise: Blink, Call Imp, Slow, Conjure
                  | Flame, Mephitic Cloud
     0 | D:1      | Reached XP level 1. HP: 15/15 MP: 5/5
   194 | D:1      | Reached skill level 1 in Conjurations
   374 | D:1      | Reached XP level 2. HP: 20/22 MP: 0/7
   442 | D:1      | Found a faded altar of an unknown god.
  1327 | D:2      | Reached XP level 3. HP: 28/28 MP: 2/8
  2570 | D:3      | Found a broken altar of Ashenzari.
  2611 | D:3      | Reached XP level 4. HP: 5/36 MP: 1/10
  3036 | D:3      | HP: 1/36 [adder (1)]
  3037 | D:3      | Succumbed to an adder's poison

Illustrated notes

Levels and vault maps discovered:
D:1:      sevenhm_arrival_forest_fort_small_4, layout_basic,
          basic_ecumenical_altar, palyth_stone_intersect
D:2:      layout_basic
D:3:      layout_basic, lemuel_crystal_altar, minmay_misc_feat_square,
          uniq_natasha

Skill      XL: |  1  2  3 |
---------------+----------+-----
Conjurations   | 1 2 3 |  3.3
Stealth        | 2 |  2.7
Throwing       | |  1.0
Spellcasting   | |  4.0
Translocations | |  2.0
Transmutations | |  1.0
Earth Magic    | |  1.0

Action                   |  1- 3 |  4- 6 || total
-------------------------+-------+-------++-------
Melee: Club              |     2 |       ||     2
       Dagger            |     5 |    15 ||    20
 Cast: Magic Dart        |    96 |    10 ||   106
 Abil: Spit Poison       |     9 |     2 ||    11
Armor: Robe              |     6 |     3 ||     9
Dodge: Dodged            |    12 |    15 ||    27
